MLB
CINCINNATI REDS @ NEW YORK METS
06/22/2046
 
TOP OF THE 1ST
Cincinnati Reds batting - Pitching for New York Mets : RHP Matt McAtee
Pitching: RHP Matt McAtee
Batting: RHB Willie Lazcano 0-0: Ball
1-0: Ball
2-0: Swinging Strike
2-1: Ground out 5-3 (Groundball, 56S, EV 71.2 MPH)
Batting: SHB Dave Barefoot 0-0: Ball
1-0: Called Strike
1-1: Called Strike
1-2: Fly out, F7 (Flyball, 78S, EV 88.8 MPH)
Batting: SHB Saulo Maina 0-0: Ball
1-0: SINGLE (Line Drive, 9LS, EV 108.8 MPH)
Batting: LHB Chris Grunwald 0-0: Ball
1-0: Foul Ball, location: 2F
1-1: Ball
2-1: Ball
Saulo Maina is caught stealing 2nd base 2-6
Top of the 1st over - 0 runs, 1 hit, 0 errors, 0 left on base; Cincinnati 0 - New York 0
BOTTOM OF THE 1ST
New York Mets batting - Pitching for Cincinnati Reds : RHP Justin Ezzell
Pitching: RHP Justin Ezzell
Batting: SHB Nelle van den Berg 0-0: Ball
1-0: Ball
2-0: Called Strike
2-1: Ball
3-1: Base on Balls
Batting: RHB Jeff Jank 0-0: Foul Ball, location: 2F
0-1: Called Strike
0-2: Ball
1-2: Strikes out swinging
Batting: SHB Sean Cook 0-0: Ball
1-0: Called Strike
1-1: Called Strike
1-2: Foul Ball, location: 2F
1-2: Ball
2-2: Foul Ball, location: 2F
2-2: Ball
3-2: Foul Ball, location: 2F
3-2: SINGLE (Groundball, 5S, EV 66.2 MPH) (infield hit)
Nelle van den Berg to second
Batting: SHB Harry Hoop 0-0: Called Strike
0-1: Foul Ball, location: 2F
0-2: Ball
1-2: Foul Ball, location: 2F
1-2: Ball
2-2: Grounds into double play, 4-6-3 (Groundball, 4, EV 88.1 MPH)
Bottom of the 1st over - 0 runs, 1 hit, 0 errors, 1 left on base; Cincinnati 0 - New York 0
TOP OF THE 2ND
Cincinnati Reds batting - Pitching for New York Mets : RHP Matt McAtee
Batting: LHB Chris Grunwald 0-0: Called Strike
0-1: Foul Ball, location: 2F
0-2: Foul Ball, location: 2F
0-2: Ball
1-2: Foul Ball, location: 2F
1-2: SOLO HOME RUN (Line Drive, 7LD, EV 91.9 MPH), Distance : 349 ft
Batting: LHB Ricky Ayon 0-0: Ball
1-0: Ball
2-0: Ball
3-0: Called Strike
3-1: Foul Ball, location: 2F
3-2: Foul Ball, location: 2F
3-2: Base on Balls
Batting: LHB Antonio Figueroa 0-0: 2-RUN HOME RUN (Flyball, 7LD, EV 93.8 MPH), Distance : 343 ft
Batting: RHB Joseph Kirchmann 0-0: Called Strike
0-1: Foul Ball, location: 2F
0-2: SOLO HOME RUN (Flyball, 7D, EV 97.5 MPH), Distance : 370 ft
Batting: LHB Randy Racine 0-0: Foul Ball, location: 2F
0-1: Ball
1-1: Foul Ball, location: 2F
1-2: Strikes out swinging
Batting: RHB Casey Truax 0-0: Ball
1-0: Foul Ball, location: 2F
1-1: Swinging Strike
1-2: Ball
2-2: Foul Ball, location: 2F
2-2: Strikes out swinging
Batting: RHB Willie Lazcano 0-0: DOUBLE (Line Drive, 89XD, EV 105.6 MPH)
Batting: SHB Dave Barefoot 0-0: Ball
1-0: Foul Ball, location: 2F
1-1: Ball
2-1: Ball
3-1: Ground out 4-3 (Groundball, 4, EV 82.5 MPH)
Top of the 2nd over - 4 runs, 4 hits, 0 errors, 1 left on base; Cincinnati 4 - New York 0
BOTTOM OF THE 2ND
New York Mets batting - Pitching for Cincinnati Reds : RHP Justin Ezzell
Batting: SHB Gus Berry 0-0: Called Strike
0-1: Called Strike
0-2: Strikes out swinging
Batting: SHB Jonathan Jenkins 0-0: Ball
1-0: Foul Ball, location: 2F
1-1: Called Strike
1-2: Ball
2-2: Ball
3-2: SINGLE (Groundball, 6MD, EV 94.4 MPH)
Batting: RHB Jesus Chavez 0-0: Called Strike
0-1: Ball
1-1: Fly out, F8 (Flyball, 8RD, EV 95.6 MPH)
Batting: SHB Roberto Magne 0-0: Ball
1-0: Ground out 4-3 (Groundball, 34, EV 85.0 MPH)
Bottom of the 2nd over - 0 runs, 1 hit, 0 errors, 1 left on base; Cincinnati 4 - New York 0
TOP OF THE 3RD
Cincinnati Reds batting - Pitching for New York Mets : RHP Matt McAtee
Batting: SHB Saulo Maina 0-0: Ball
1-0: Called Strike
1-1: Ball
2-1: Called Strike
2-2: Ball
3-2: Base on Balls
Batting: LHB Chris Grunwald 0-0: Called Strike
0-1: Ball
1-1: Swinging Strike
1-2: Ball
2-2: Ball
3-2: Base on Balls
Saulo Maina to second
Batting: LHB Ricky Ayon 0-0: Ball
1-0: Foul Ball, location: 2F
1-1: Foul Ball, location: 2F
1-2: Foul Ball, location: 2F
1-2: Fielders Choice at 2nd, 6-4 (Groundball, 6MS, EV 81.9 MPH)
Saulo Maina to third
Batting: LHB Antonio Figueroa 0-0: Ball
1-0: Foul Ball, location: 2F
1-1: Swinging Strike
1-2: Strikes out swinging
Batting: RHB Joseph Kirchmann 0-0: Ball
1-0: Called Strike
1-1: Ball
2-1: Swinging Strike
2-2: Ball
3-2: Strikes out swinging
Top of the 3rd over - 0 runs, 0 hits, 0 errors, 2 left on base; Cincinnati 4 - New York 0
BOTTOM OF THE 3RD
New York Mets batting - Pitching for Cincinnati Reds : RHP Justin Ezzell
Batting: LHB Sal Fernandez 0-0: Called Strike
0-1: Ball
1-1: Ball
2-1: Ball
3-1: Foul Ball, location: 2F
3-2: Strikes out looking
Batting: SHB Nelle van den Berg 0-0: Ball
1-0: Ball
2-0: Ball
3-0: Called Strike
3-1: Base on Balls
Batting: RHB Jeff Jank 0-0: Ball
1-0: Ball
Nelle van den Berg is caught stealing 2nd base 2-4
2-0: SINGLE (Groundball, 4MS, EV 68.1 MPH) (infield hit)
Batting: SHB Sean Cook 0-0: Called Strike
0-1: Ball
1-1: Swinging Strike
1-2: Strikes out looking
Bottom of the 3rd over - 0 runs, 1 hit, 0 errors, 1 left on base; Cincinnati 4 - New York 0
TOP OF THE 4TH
Cincinnati Reds batting - Pitching for New York Mets : RHP Matt McAtee
Batting: LHB Randy Racine 0-0: Foul Ball, location: 2F
0-1: Foul Ball, location: 2F
0-2: Strikes out swinging
Batting: RHB Casey Truax 0-0: Called Strike
0-1: Fly out, F4 (Line Drive, 4MD, EV 67.5 MPH)
Batting: RHB Willie Lazcano 0-0: SINGLE (Groundball, 3S, EV 72.5 MPH) (infield hit)
Batting: SHB Dave Barefoot 0-0: Ball
1-0: Ball
2-0: Ball
Willie Lazcano steals 2nd base
3-0: Called Strike
3-1: DOUBLE (Flyball, 8RXD, EV 101.9 MPH)
Willie Lazcano scores
Pitching: LHP Jonathan Gendron
Batting: SHB Saulo Maina 0-0: Ball
1-0: Ball
2-0: Ball
3-0: Base on Balls
Batting: LHB Chris Grunwald 0-0: Ball
1-0: Ball
2-0: Foul Ball, location: 2F
2-1: Fielders Choice at 2nd, 5-4 (Groundball, 56, EV 88.8 MPH)
Top of the 4th over - 1 run, 2 hits, 0 errors, 2 left on base; Cincinnati 5 - New York 0
BOTTOM OF THE 4TH
New York Mets batting - Pitching for Cincinnati Reds : RHP Justin Ezzell
Batting: SHB Harry Hoop 0-0: Foul Ball, location: 2F
0-1: Ball
1-1: Ball
2-1: Ball
3-1: Base on Balls
Batting: SHB Gus Berry 0-0: Swinging Strike
0-1: Called Strike
0-2: Strikes out looking
Batting: SHB Jonathan Jenkins 0-0: Foul Ball, location: 2F
0-1: SINGLE (Groundball, 6D, EV 94.4 MPH)
Harry Hoop to second
Runner from 2nd tries for 3rd, SAFE, throw by CF made to third
Batting: RHB Jesus Chavez 0-0: Ball
1-0: Foul Ball, location: 2F
1-1: Foul Ball, location: 2F
1-2: Ball
2-2: Foul Ball, location: 2F
2-2: DOUBLE (Line Drive, 7LS, EV 93.8 MPH)
Harry Hoop scores
Jonathan Jenkins to third
Batting: SHB Roberto Magne 0-0: Ball
1-0: Foul Ball, location: 2F
1-1: SINGLE (Flyball, 78S, EV 95.0 MPH)
Jonathan Jenkins scores
Jesus Chavez to third
Runner from 3rd tries for Home, SAFE, throw by CF to home
Batting: LHB Sal Fernandez 0-0: Ball
1-0: Called Strike
1-1: Ball
2-1: Called Strike
2-2: Ball
3-2: Foul Ball, location: 2F
3-2: Foul Ball, location: 2F
3-2: Foul Ball, location: 2F
3-2: Fly out, F7 (Flyball, 7LM, EV 87.5 MPH)
Batting: SHB Nelle van den Berg 0-0: Ball
1-0: Foul Ball, location: 2F
1-1: Ball
2-1: Foul Ball, location: 2F
2-2: Ball
3-2: Foul Ball, location: 2F
3-2: Ground out 6-3 (Groundball, 6MS, EV 62.5 MPH)
Bottom of the 4th over - 3 runs, 3 hits, 0 errors, 1 left on base; Cincinnati 5 - New York 3
TOP OF THE 5TH
Cincinnati Reds batting - Pitching for New York Mets : LHP Jonathan Gendron
Batting: LHB Ricky Ayon 0-0: Ball
1-0: Foul Ball, location: 2F
1-1: Ball
2-1: Ball
3-1: Foul Ball, location: 2F
3-2: Ground out 4-3 (Groundball, 4S, EV 75.6 MPH)
Batting: LHB Antonio Figueroa 0-0: Ball
1-0: Ball
2-0: Ball
3-0: SOLO HOME RUN (Line Drive, 7LD, EV 94.4 MPH), Distance : 354 ft
Batting: RHB Joseph Kirchmann 0-0: Called Strike
0-1: Ball
1-1: Ball
2-1: Foul Ball, location: 2F
2-2: Ball
3-2: Foul Ball, location: 2F
3-2: Ground out 5-3 (Groundball, 5, EV 81.9 MPH)
Batting: LHB Randy Racine 0-0: Called Strike
0-1: Ball
1-1: Foul Ball, location: 2F
1-2: Fly out, F7 (Flyball, 7D, EV 91.2 MPH)
Top of the 5th over - 1 run, 1 hit, 0 errors, 0 left on base; Cincinnati 6 - New York 3
BOTTOM OF THE 5TH
New York Mets batting - Pitching for Cincinnati Reds : RHP Justin Ezzell
Batting: RHB Jeff Jank 0-0: Swinging Strike
0-1: Ball
1-1: Ball
2-1: Ball
3-1: Swinging Strike
3-2: Base on Balls
Batting: SHB Sean Cook 0-0: Called Strike
0-1: Fly out, F9 (Flyball, 9, EV 97.5 MPH)
Batting: SHB Harry Hoop 0-0: Called Strike
0-1: Called Strike
Jeff Jank steals 2nd, throwing error, E2
Jeff Jank to third
0-2: SINGLE (Flyball, 89S, EV 87.5 MPH)
Jeff Jank scores
Pitching: RHP Westin Silveira
Batting: SHB Gus Berry 0-0: Ball
1-0: Ball
2-0: Called Strike
2-1: Ball
Wild Pitch!
Harry Hoop to second
3-1: Base on Balls
Batting: SHB Jonathan Jenkins 0-0: Ball
1-0: Called Strike
1-1: Foul Ball, location: 2F
1-2: DOUBLE (Line Drive, 78XD, EV 108.1 MPH)
Harry Hoop scores
Gus Berry to third
Runner from 3rd tries for Home, SAFE, throw by LF to home
Batting: RHB Jesus Chavez 0-0: Foul Ball, location: 2F
0-1: Ground out 4-3 (Groundball, 4S, EV 87.5 MPH)
Jonathan Jenkins to third
Batting: SHB Roberto Magne 0-0: Swinging Strike
0-1: Called Strike
0-2: Strikes out swinging
Bottom of the 5th over - 3 runs, 2 hits, 1 error, 1 left on base; Cincinnati 6 - New York 6
TOP OF THE 6TH
Cincinnati Reds batting - Pitching for New York Mets : LHP Jonathan Gendron
Batting: RHB Casey Truax 0-0: Ball
1-0: Foul Ball, location: 2F
1-1: Swinging Strike
1-2: Ball
2-2: Strikes out swinging
Batting: RHB Willie Lazcano 0-0: Foul Ball, location: 2F
0-1: Ground out 4-3 (Groundball, 4MS, EV 86.2 MPH)
Batting: SHB Dave Barefoot 0-0: Called Strike
0-1: Ball
1-1: DOUBLE (Flyball, 78D, EV 103.8 MPH)
Batting: SHB Saulo Maina 0-0: Ball
1-0: Called Strike
1-1: Called Strike
1-2: Ball
2-2: Strikes out swinging
Top of the 6th over - 0 runs, 1 hit, 0 errors, 1 left on base; Cincinnati 6 - New York 6
BOTTOM OF THE 6TH
New York Mets batting - Pitching for Cincinnati Reds : RHP Westin Silveira
Batting: LHB Sal Fernandez 0-0: Ball
1-0: Ball
2-0: Foul Ball, location: 2F
2-1: Fly out, F7 (Flyball, 78S, EV 87.5 MPH)
Batting: SHB Nelle van den Berg 0-0: Called Strike
0-1: Ball
1-1: Foul Ball, location: 2F
1-2: Fly out, F7 (Line Drive, 7, EV 91.9 MPH)
Batting: RHB Jeff Jank 0-0: Called Strike
0-1: Ball
1-1: Foul Ball, location: 2F
1-2: Ball
2-2: Foul Ball, location: 2F
2-2: Ball
3-2: Strikes out swinging
Bottom of the 6th over - 0 runs, 0 hits, 0 errors, 0 left on base; Cincinnati 6 - New York 6
TOP OF THE 7TH
Cincinnati Reds batting - Pitching for New York Mets : LHP Jonathan Gendron
Pitching: LHP Xu-gang Zhou
Batting: LHB Chris Grunwald 0-0: Called Strike
0-1: Ball
1-1: Ball
2-1: Ball
3-1: Foul Ball, location: 2F
3-2: Ground out 4-3 (Groundball, 4, EV 98.8 MPH)
Batting: LHB Ricky Ayon 0-0: Foul Ball, location: 2F
0-1: Called Strike
0-2: Strikes out swinging
Batting: LHB Antonio Figueroa 0-0: Ball
1-0: Foul Ball, location: 2F
1-1: Ball
2-1: Ball
3-1: Called Strike
3-2: Base on Balls
Batting: RHB Joseph Kirchmann 0-0: Ball
1-0: Ball
2-0: Fly out, F7 (Line Drive, 7, EV 94.4 MPH)
Top of the 7th over - 0 runs, 0 hits, 0 errors, 1 left on base; Cincinnati 6 - New York 6
BOTTOM OF THE 7TH
New York Mets batting - Pitching for Cincinnati Reds : RHP Westin Silveira
Batting: SHB Sean Cook 0-0: Called Strike
0-1: Ball
1-1: Ball
2-1: Ball
3-1: Base on Balls
Batting: SHB Harry Hoop 0-0: Ball
1-0: Called Strike
1-1: Ball
2-1: Called Strike
2-2: Strikes out swinging
Batting: SHB Gus Berry 0-0: Ball
1-0: DOUBLE (Line Drive, 7LS, EV 100.6 MPH)
Sean Cook to third
Runner from 3rd tries for Home, SAFE, throw by LF to trailing runner, SAFE at third!
Batting: SHB Jonathan Jenkins 0-0: Intentional Walk
Batting: RHB Jesus Chavez 0-0: Called Strike
0-1: Ball
1-1: Ball
2-1: Ball
3-1: Base on Balls
Jonathan Jenkins to second
Batting: SHB Roberto Magne 0-0: Ball
1-0: Foul Ball, location: 2F
1-1: Ball
2-1: Fly out, F7 (Flyball, 7LD, EV 90.0 MPH)
Runner from 3rd tags up, SCORES, no throw by LF
Batting: LHB Sal Fernandez 0-0: Ball
1-0: Fly out, F7 (Flyball, 7D, EV 88.8 MPH)
Bottom of the 7th over - 2 runs, 1 hit, 0 errors, 2 left on base; Cincinnati 6 - New York 8
TOP OF THE 8TH
Cincinnati Reds batting - Pitching for New York Mets : LHP Xu-gang Zhou
Batting: LHB Randy Racine 0-0: Called Strike
0-1: Called Strike
0-2: Ball
1-2: Ball
2-2: Fly out, F8 (Flyball, 8RM, EV 84.4 MPH)
Batting: RHB Casey Truax 0-0: Ball
1-0: Ball
2-0: SINGLE (Line Drive, 8LS, EV 102.5 MPH)
Batting: RHB Willie Lazcano 0-0: Called Strike
0-1: Ball
1-1: Fielders Choice at 2nd, 5-4 (Groundball, 56, EV 108.8 MPH)
Batting: SHB Dave Barefoot 0-0: Ball
1-0: Fielders Choice at 2nd, 6-4 (Groundball, 6, EV 85.6 MPH)
Top of the 8th over - 0 runs, 1 hit, 0 errors, 1 left on base; Cincinnati 6 - New York 8
BOTTOM OF THE 8TH
New York Mets batting - Pitching for Cincinnati Reds : RHP Westin Silveira
Pitching: RHP Timmy John Aaron-Lee Frank Silveira
Batting: SHB Nelle van den Berg 0-0: Swinging Strike
0-1: Foul Ball, location: 2F
0-2: Foul Ball, location: 2F
0-2: Ball
1-2: Foul Ball, location: 2F
1-2: Ground out 5-3 (Groundball, 56S, EV 85.6 MPH)
Batting: RHB Jeff Jank 0-0: Ground out 6-3 (Groundball, 6, EV 76.9 MPH)
Batting: SHB Sean Cook 0-0: Ball
1-0: Ball
2-0: Foul Ball, location: 2F
2-1: Ball
3-1: Base on Balls
Batting: SHB Harry Hoop 0-0: Ball
1-0: Swinging Strike
1-1: Ball
2-1: Swinging Strike
2-2: DOUBLE (Flyball, 8LXD, EV 93.8 MPH)
Sean Cook to third
Runner from 3rd tries for Home, SAFE, throw by CF to home
Batting: SHB Gus Berry 0-0: Ball
1-0: Ball
2-0: Ball
3-0: Base on Balls
Batting: SHB Jonathan Jenkins 0-0: Called Strike
0-1: Swinging Strike
0-2: Ball
1-2: Ball
2-2: Strikes out swinging
Bottom of the 8th over - 1 run, 1 hit, 0 errors, 2 left on base; Cincinnati 6 - New York 9
TOP OF THE 9TH
Cincinnati Reds batting - Pitching for New York Mets : LHP Xu-gang Zhou
Pitching: LHP Chris Thurner
Batting: SHB Saulo Maina 0-0: Called Strike
0-1: Ground out 6-3 (Groundball, 6, EV 81.9 MPH)
Batting: LHB Chris Grunwald 0-0: Ball
1-0: Foul Ball, location: 2F
1-1: SINGLE (Groundball, 4MS, EV 71.9 MPH) (infield hit)
Batting: LHB Ricky Ayon 0-0: Ball
1-0: Foul Ball, location: 2F
1-1: Swinging Strike
1-2: Strikes out swinging
Batting: RHB Fred Slade 0-0: Called Strike
0-1: Fly out, F8 (Flyball, 8LM, EV 89.4 MPH)
Top of the 9th over - 0 runs, 1 hit, 0 errors, 1 left on base; Cincinnati 6 - New York 9
Tuesday, September 13th , 2022 - OOTP Baseball 23.7 Build 88